Map: Submarino EE

Players

guillezamca

  • Race: Terran Terran
  • League: Silver
  • Spawn Location: 11:00

MrFercho - Winner!

  • Race: Zerg Zerg
  • League: Silver
  • Spawn Location: 5:00

VOD

Have the link to the VOD?

Description

Time

  • Played on: July 2, 2020, 11:36 p.m.
  • Length: 17:17
Show
View Real Time Build Order
Export as new Build Order

guillezamca Terran 

Build Orders: 2 Factory 

Get SALT Encoding   

  12  0:01  SCV  
  13  0:13  SCV  
  14  0:18  Supply Depot  
  14  0:25  SCV  
  15  0:29  Refinery  
  15  0:39  SCV  
  15  0:40  Refinery  
  16  0:52  SCV  
  17  0:58  Barracks  
  17  1:04  SCV  
  18  1:16  SCV  
  18  1:18  Barracks  
  19  1:28  SCV  
  19  1:32  Barracks  
  20  1:40  SCV  
  21  1:52  SCV  
  22  2:02  Supply Depot  
  22  2:03  Marine  
  23  2:18  Factory  
  23  2:23  Marine x2  
  23  2:25  Orbital Command  
  25  2:37  Factory  
  25  2:39  Marine  
  26  2:51  SCV  
  27  2:58  Marine x3  
  29  3:03  Factory Tech Lab  
  30  3:21  Command Center  
  30  3:28  Siege Tank  
  30  3:32  SCV  
  34  3:38  Marine x2  
  36  3:41  Factory Tech Lab  
  36  3:48  Supply Depot  
  36  3:53  SCV  
  37  4:00  Marine x2  
  39  4:09  Siege Tank  
  42  4:14  Marine  
  43  4:18  Marine  
  44  4:28  SCV  
  45  4:40  SCV  
  45  4:43  Refinery x2  
  45  4:45  Orbital Command  
  46  4:52  SCV  
  47  4:59  Barracks Reactor  
  47  5:00  Barracks Reactor  
  47  5:01  Barracks Tech Lab  
  47  5:18  SCV  
  48  5:23  Supply Depot  
  48  5:27  Starport  
  48  5:30  SCV  
  48  5:34  Starport  
  49  5:37  Marine x3  
  49  5:38  Marine  
  49  5:40  Stimpack  
  54  5:42  SCV  
  54  5:48  Supply Depot  
  54  5:49  SCV  
  55  5:55  SCV  
  59  5:57  Siege Tank  
  59  6:00  Siege Tank  
  62  6:05  Starport Reactor  
  62  6:12  SCV  
  62  6:15  SCV  
  64  6:24  Supply Depot  
  64  6:27  SCV  
  65  6:35  SCV  
  66  6:40  Starport Reactor  
  66  6:41  Marine x2  
  66  6:42  Marine x3  
  66  6:45  Siege Tank x2  
  77  6:47  SCV  
  77  6:50  Supply Depot  
  77  6:52  Medivac  
  77  6:53  Medivac  
  82  7:03  Marine x3  
  82  7:04  Marine  
  82  7:05  Marine  
  87  7:16  SCV  
  87  7:22  Medivac x2  
  92  7:27  Supply Depot  
  92  7:28  SCV  
  93  7:40  SCV  
  94  7:46  Command Center, SCV  
  95  7:52  SCV  
  95  7:56  Medivac x3  
  95  7:57  Medivac  
  95  7:58  SCV  
  105  7:59  Marine x3  
  105  8:00  Marine x2  
  105  8:04  Supply Depot  
  110  8:22  Refinery  
  110  8:25  Marine x2, SCV  
  110  8:26  Refinery  
  113  8:31  Supply Depot  
  113  8:43  Marine x4  
  113  8:44  Marine  
  113  8:48  Siege Tank x2  
  124  8:52  Medivac x2  
  128  9:00  Marine  
  128  9:01  Marine  
  128  9:02  Orbital Command  
  130  9:05  SCV  
  130  9:08  Supply Depot  
  131  9:13  Marine x3  
  131  9:16  Combat Shield  
  134  9:18  Marine x2  
  134  9:20  Siege Tank  
  134  9:21  Siege Tank  
  142  9:25  Medivac x2  
  142  9:30  Medivac  
  148  9:45  SCV  
  149  9:55  Marine x3  
  149  9:56  Marine x2  
  154  10:01  Medivac x3  
  154  10:02  Medivac  
  162  10:12  Supply Depot  
  162  10:13  Marine x3  
  165  10:21  Marine  
  166  10:29  Siege Tank x2  
  166  10:34  Medivac  
  174  10:36  Supply Depot  
  174  10:51  Engineering Bay  
  174  10:58  Engineering Bay  
  174  11:18  Armory  
  174  11:28  Armory  
  174  11:29  Armory  
  174  11:32  Terran Infantry Armor Level 1, Terran Infantry Weapons Level 1  
  174  11:46  Marine x4  
  178  11:47  Marine  
  179  11:58  Command Center  
  179  12:08  Marine x4  
  180  12:09  Marine  
  184  12:26  Marine x5  
  180  12:43  Marine  
  180  12:44  Marine x4  
  122  13:01  Marine x2  
  122  13:02  Marine x3  
  123  13:19  Marine x3  
  125  13:20  Marine x2  
  122  13:37  Marine x2  
  103  13:55  Marine x4  
  85  13:56  Marine  
  85  14:02  Siege Tank x2  
  91  14:12  Orbital Command  
  91  14:13  Marine x3  
  93  14:34  Siege Tank x2  
  99  14:40  Marine  
  99  14:41  Marine x4  
  104  14:58  Marine x2  
  104  14:59  Marine x3  
  109  15:06  Siege Tank  
  109  15:07  Siege Tank  
  115  15:16  Marine x3  
  39  15:52  Marine x2  
  39  15:53  Marine x3  
  27  16:10  Marine  
  27  16:11  Marine x2  
  10  16:52  Command Center  
  10  17:07  Refinery  
  10  17:09  Refinery  
Show
View Real Time Build Order
Export as new Build Order

MrFercho Zerg - Winner!

Build Orders: Hatch First, Lurkers 

Get SALT Encoding   

  12  0:01  Drone  
  13  0:13  Overlord  
  13  0:16  Drone  
  14  0:31  Drone x2  
  16  0:36  Drone  
  17  0:54  Hatchery  
  16  0:57  Drone  
  16  0:59  Drone  
  18  1:07  Drone  
  19  1:11  Extractor  
  18  1:21  Spawning Pool  
  18  1:22  Drone  
  18  1:28  Drone  
  19  1:39  Drone  
  20  1:50  Drone  
  21  2:01  Drone  
  22  2:06  Drone  
  23  2:11  Queen  
  23  2:12  Queen  
  23  2:14  Overlord  
  27  2:19  Drone  
  28  2:27  Overlord  
  28  2:38  Drone x2  
  32  2:55  Lair  
  30  2:59  Queen  
  32  3:09  Drone x4  
  36  3:26  Evolution Chamber  
  35  3:38  Roach Warren  
  34  3:50  Drone  
  34  3:51  Drone  
  34  3:52  Overlord x4  
  36  3:56  Extractor  
  36  3:57  Extractor  
  36  3:58  Zerg Missile Weapons Level 1  
  34  4:03  Overlord x3  
  34  4:06  Zergling x2  
  34  4:09  Drone  
  36  4:20  Roach x6  
  36  4:23  Roach  
  50  4:30  Drone  
  51  4:39  Drone x2  
  51  4:43  Drone x3  
  56  4:52  Glial Reconstitution  
  56  4:56  Drone x5  
  61  5:11  Drone x2  
  63  5:16  Lair  
  63  5:21  Drone x2  
  64  5:22  Drone  
  64  5:27  Hydralisk Den, Drone x3  
  68  5:42  Hatchery  
  67  5:51  Drone x5  
  72  6:07  Extractor  
  72  6:08  Infestation Pit  
  72  6:10  Drone  
  72  6:11  Drone x2  
  73  6:12  Evolution Chamber  
  73  6:18  Zerg Missile Weapons Level 2  
  72  6:21  Grooved Spines  
  72  6:34  Extractor, Drone x9  
  80  6:45  Extractor, Spore Crawler  
  78  6:47  Spine Crawler  
  78  6:48  Spine Crawler  
  78  6:53  Spore Crawler  
  75  6:56  Drone  
  75  6:57  Spine Crawler, Drone x2  
  75  6:58  Spine Crawler  
  75  7:00  Drone  
  75  7:01  Drone  
  78  7:05  Overlord x4  
  78  7:06  Overlord  
  78  7:22  Lair  
  78  7:28  Hydralisk x9  
  96  7:32  Muscular Augments  
  96  7:52  Drone x9  
  105  8:03  Drone x5  
  110  8:09  Hydralisk x2  
  114  8:13  Hydralisk x2  
  118  8:21  Hatchery  
  118  8:26  Hydralisk x5  
  127  8:31  Zerg Ground Armor Level 1  
  127  8:35  Hive  
  127  8:50  Drone  
  127  8:51  Drone x6  
  134  9:14  Extractor  
  134  9:16  Extractor  
  132  9:22  Hatchery  
  131  9:24  Lurker Den  
  131  9:26  Drone x2  
  131  9:27  Spire  
  131  9:31  Drone x4  
  133  9:32  Drone x3  
  133  9:34  Overlord  
  138  9:40  Queen  
  140  10:11  Queen  
  140  10:13  Overlord  
  140  10:14  Overlord x6  
  142  10:15  Overlord x4  
  142  10:17  Hydralisk x5  
  152  10:33  Hydralisk x7  
  166  10:47  Hydralisk x10  
  186  10:53  Adaptive Talons  
  186  10:55  Zerg Ground Armor Level 2  
  186  10:56  Zerg Missile Weapons Level 3  
  186  11:01  Overseer x3  
  186  11:05  Hydralisk x7  
  200  11:50  Seismic Spines  
  200  11:58  Greater Spire  
  179  12:45  Hydralisk  
  179  12:46  Hydralisk x14  
  179  12:47  Hydralisk  
  125  13:07  Hatchery x2  
  125  13:08  Hydralisk x6  
  125  13:09  Hydralisk x15  
  165  13:19  Hydralisk  
  167  13:34  Hydralisk x8  
  153  13:45  Mutalisk x4  
  135  14:01  Lurker x5  
  135  14:02  Hydralisk x6  
  150  14:20  Hydralisk x2, Zerg Ground Armor Level 3  
  150  14:21  Hydralisk x9  
  172  14:27  Hydralisk x6  
  184  14:34  Hydralisk x3  
  184  14:35  Hydralisk  
  192  14:40  Metabolic Boost  
  192  14:53  Drone x2  
  192  14:54  Drone x5  
  199  15:11  Extractor  
  199  15:13  Extractor  
  172  15:26  Hydralisk  
  172  15:27  Hydralisk x15  
  190  16:13  Hydralisk x2  
  190  16:14  Hydralisk x3  
Tags
 
Composition
Lurkers
Matchup
TvZ
Replay Pack
MrFercho
Spawn Locations
Cross Positions
Add a new tag
Caveats
  • Supply blocks, unpowered buildings, or Contaminate may cause inaccurate times.
  • Supply counts are checked every 10 seconds.